AoeStats
← 知耻而后勇喜笑颜开

Arabia

507859445Analyzed
1v1 RM · 13d ago on Sep 20, 2026· 42m 38s· 2 players
Game mode
Random Map
Map size
Tiny (2 player)
Population
200
Speed
Normal
Resources
Standard
Victory
Conquest
Starting age
Dark Age
Ending age
Imperial Age
RankedLock teamsTeams togetherTeam positionsShared explorationLock speedFull tech treeHidden civsTurbo modeCheats
Victory
Defeat
1435
+11
🇨🇴 Berbers · Colombia
1331
-11
Dieghoatc
7:02 Loom
7:09 Loom
9:07 Feudal Age
9:53 Double-Bit Axe
9:48 Horse Collar
16:26 Fletching
18:38 Wheelbarrow
22:10 Castle Age
20:57 Gold Mining
22:33 Padded Archer Armor
22:46 Bodkin Arrow
22:13 Crossbowman
23:22 Thumb Ring
24:05 Bow Saw
24:20 Ballistics
30:12 Scale Barding Armor
40:27 Imperial Age
38:37 Elite Skirmisher
39:59 Chain Barding Armor
39:58 Leather Archer Armor
40:03 Chain Barding Armor
40:08 Forging
41:52 Conscription
41:49 Bloodlines
41:39 Husbandry
41:00 Light Cavalry
知耻而后勇喜笑颜开
8:45 Feudal Age
9:17 Double-Bit Axe
9:12 Horse Collar
10:03 Loom
10:19 Town Watch
17:48 Castle Age
16:01 Fletching
16:04 Gold Mining
16:50 Padded Archer Armor
18:24 Bodkin Arrow
18:45 Bow Saw
18:36 Heavy Plow
20:13 Gold Shaft Mining
21:42 Stone Mining
22:55 Fervor
24:18 Elite Skirmisher
25:46 Leather Archer Armor
26:25 Ballistics
30:48 Murder Holes
36:36 Imperial Age
33:59 Treadmill Crane
34:30 Masonry
34:49 Forging
35:18 Scale Mail Armor
36:36 Chieftains
37:11 Chain Mail Armor
37:45 Squires
37:31 Arson
38:25 Conscription
38:47 Iron Casting
38:43 Plate Mail Armor
38:51 Bracer
40:18 Chemistry
40:36 Blast Furnace
39:39 Bogsveigar
40:27 Bracer
40:35 Siege Engineers
40:47 Elite Berserk
42:34 Guard Tower
Connection lost

Rejoining the realm…

Still unreachable

The connection could not be restored.

Session expired

The server has moved on; the page needs a fresh start.